 Dungeon Crawl Stone Soup version 0.27-a0-1191-g601b473118 (console) character file.

Game seed: 8507045061441068569

15621 jejorda2 the Impaler (level 12, -3/138 HPs)
             Began as a Merfolk Berserker on May 24, 2021.
             Was a High Priest of Trog.
             Slain by an orange demon (11 damage)
             ... summoned by a kobold demonologist
             ... on level 11 of the Dungeon on May 25, 2021.
             The game lasted 00:33:11 (15216 turns).

jejorda2 the Impaler (Merfolk Berserker)           Turns: 15216, Time: 00:33:12

Health: -3/138     AC: 16    Str: 23    XL:     12   Next: 28%
Magic:  12/12      EV: 10    Int:  6    God:    Trog [*****.]
Gold:   1058       SH:  0    Dex: 13    Spells: 11/11 levels left

rFire    . . .     SeeInvis +   a - +0 glaive (elec)
rCold    . . .     Faith    +   (shield currently unavailable)
rNeg     . . .     Spirit   .   J - +0 chain mail {rPois}
rPois    +         Reflect  .   (no helmet)
rElec    .         Harm     .   D - +2 cloak
rCorr    +         Rampage  .   g - +0 pair of gloves
Will     .....                  N - +0 pair of boots
Stlth    ..........             n - amulet of faith
HPRegen  0.33/turn              h - ring of resist corrosion
MPRegen  0.13/turn              E - ring of see invisible

@: berserking, lethally poisoned (-3 -> -14), very quick
A: (nimble swimmer 2), mertail
a: Renounce Religion, Berserk, Trog's Hand, Brothers in Arms


You were on level 11 of the Dungeon.
You worshipped Trog.
Trog was extremely pleased with you.
You visited 1 branch of the dungeon, and saw 11 of its levels.
You also visited: Bailey.

You collected 1510 gold pieces.
You spent 452 gold pieces at shops.

Inventory:

Hand Weapons
 a - a +0 glaive of electrocution (weapon)
 b - a +1 halberd of flaming
 F - a +0 antimagic trident
Missiles
 e - 2 throwing nets
 i - 19 boomerangs
 m - 9 curare-tipped darts
 p - 68 poisoned darts (quivered)
 I - 5 silver boomerangs
 P - 6 javelins
Armour
 g - a +0 pair of gloves (worn)
 v - +2 fire dragon scales
 y - a +0 plate armour
 D - a +2 cloak (worn)
 J - a +0 chain mail of poison resistance (worn)
 N - a +0 pair of boots (worn)
Jewellery
 h - a ring of resist corrosion (left hand)
 n - an amulet of faith (around neck)
 w - a ring of fire
 E - a ring of see invisible (right hand)
 O - a ring of ice
Wands
 d - a wand of acid (14)
 f - a wand of flame (6)
 o - a wand of polymorph (10)
 A - a wand of iceblast (5)
 G - a wand of paralysis (11)
Scrolls
 c - 5 scrolls of identify
 j - a scroll of immolation
 k - 2 scrolls of teleportation
 z - a scroll of blinking
 B - a scroll of fear
 C - a scroll of enchant weapon
 H - 2 scrolls of vulnerability
Potions
 l - 3 potions of curing
 q - a potion of heal wounds
 r - a potion of lignification
 s - 5 potions of resistance
 t - 5 potions of mutation
 u - 2 potions of cancellation
 x - 3 potions of flight
 K - a potion of might
 L - a potion of haste
 M - a potion of berserk rage


   Skills:
 + Level 7.7 Fighting
 - Level 20.0 Polearms
 * Level 7.7 Armour
 + Level 6.2 Dodging


You had 11 spell levels left.
You didn't know any spells.
Your spell library was empty.

Dungeon Overview and Level Annotations

Branches:
Dungeon (11/15)            Temple (0/1) D:6            Lair (0/6) D:11
    Orc (0/2) D:9          Bailey (visited)

Altars:
Cheibriados
Dithmenos
Hepliaklqana
Makhleb
Qazlal
Trog
Vehumet
Xom
Yredelemnul
Zin
Beogh

Shops:
D:2 [   D:3 (   D:5 (   D:8 ?


Innate Abilities, Weirdness & Mutations

((You are quick and stealthy near water. (Stealth+, EV+, Speed+++)))
Your lower body shifts to a powerful aquatic tail in water.


Message History

The orange demon is heavily wounded.
The orange demon barely misses you. The orange demon stings you from afar.
The kobold demonologist begins to cast a cantrip, but forgets the words!
You reach to attack!
You hit the orange demon.
The orange demon is heavily wounded.
The red devil hits you from afar with a +0 trident.
The orange demon stings you from afar.
You are poisoned.
The orange demon poisons you! The orange demon stings you from afar!
You reach to attack!
You hit the orange demon.
The orange demon is heavily wounded.
You feel very sick.
The red devil hits you from afar with a +0 trident!
You feel very sick. The orange demon barely misses you.
The orange demon hits you but does no damage.
The orange demon stings you. The orange demon completely misses you.
The red devil hops backward while attacking.
The red devil hits you from afar with a +0 trident!
* * * LOW HITPOINT WARNING * * *
Items here: ( )) †.
A red film seems to cover your vision as you go berserk!
You feel yourself moving faster!
You feel mighty!
You feel very sick.
The orange demon stings you but does no damage.
The orange demon hits you but does no damage.
The orange demon closely misses you.
The orange demon hits you but does no damage.
The red devil hits you from afar with a +0 trident!
* * * LOW HITPOINT WARNING * * *
Reach: a) +0 glaive (elec)
Press: ? - help, Dir - move target, f - kobold demonologist, p - orange demon
Aim: a kobold demonologist, wielding a +0 dagger and wearing a +0 robe (about 43% to evade your +0 glaive of electrocution)
You slash the kobold demonologist!
The kobold demonologist is moderately wounded.
* * * LOW HITPOINT WARNING * * *
You feel sick. The orange demon barely misses you.
The orange demon hits you but does no damage.
The orange demon stings you!
You die...

....
#...........>..###.......
...
#........................
..
........................#
#
#+###############+#####...
............# ##+#
............#
.......K4...#
....KK4K4...# #@#####
#>#...# ##...## ####
##P....## #... #PP.....#
#..# #PPPP...## +..#
#PPPPP...# #..#
#PP.P†.P.## #..#
#PP.......######..#


You could see 2 orange demons, 2 kobold demonologists, a red devil (summoned)
and 2 kobold brigands.

Vanquished Creatures
  Fannar (D:10)
  2 hydras
  3 two-headed ogres
  Urug (D:10)
  4 orc knights
  A cyclops (D:11)
  Maurice (D:9)
  2 centaur zombies
  2 kobold demonologists (D:11)
  A komodo dragon (D:11)
  A troll (D:10)
  2 hornets
  Prince Ribbit (D:5)
  2 shadows
  5 yaks (D:10)
  Eustachio (D:6)
  2 wraiths (D:9)
  A steam dragon (D:6)
  Menkaure (D:4)
  3 vampire mosquitoes (D:11)
  3 water moccasins
  2 sky beasts (D:8)
  8 orc warriors
  2 black bears
  A necrophage (D:7)
  An ogre (D:5)
  5 centaurs
  7 kobold brigands
  2 wyvern zombies
  2 bullfrogs
  3 scorpions
  A water moccasin zombie (D:6)
  2 wyvern skeletons (D:7)
  5 wights (D:9)
  6 killer bees (D:9)
  A crimson imp (D:8)
  6 orc priests
  A gnoll shaman (D:7)
  A bullfrog skeleton (D:5)
  A hound (D:6)
  A jelly (D:5)
  2 centaur skeletons
  An iguana (D:5)
  7 orc wizards
  2 killer bee zombies
  A hound skeleton (D:4)
  2 howler monkey zombies
  9 adders
  8 gnolls
  A shadow imp (D:8)
  A white imp (D:5)
  An ufetubus (D:2)
  2 adder zombies (D:3)
  A worm (D:2)
  13 dart slugs
  48 orcs
  8 ball pythons
  5 endoplasms
  9 goblins
  4 hobgoblins
  2 jackals (D:1)
  7 quokkas
  A ball python zombie (D:3)
  10 bats
  3 frilled lizards
  34 kobolds
  7 rats
287 creatures vanquished.

Vanquished Creatures (collateral kills)
  5 wights (D:7)
5 creatures vanquished.

Vanquished Creatures (others)
  20 plants
20 creatures vanquished.

Grand Total: 312 creatures vanquished

Notes
Turn   | Place    | Note
-------+----------+-------------------------------------------
     0 | D:1      | jejorda2 the Merfolk Berserker began the quest for the Orb.
     0 | D:1      | Reached XP level 1. HP: 18/18 MP: 1/1
   207 | D:1      | Reached XP level 2. HP: 24/24 MP: 2/2
   281 | D:1      | Reached skill level 5 in Polearms
   712 | D:1      | Reached XP level 3. HP: 29/29 MP: 3/3
   820 | D:1      | Reached ** piety under Trog
   997 | D:2      | Found Cyizaol's Antique Armour Shop.
  1339 | D:2      | Reached XP level 4. HP: 37/37 MP: 4/4
  1451 | D:2      | Found a faded altar of an unknown god.
  1503 | D:2      | Reached skill level 6 in Polearms
  1713 | D:2      | Noticed a black bear
  1721 | D:2      | Killed a black bear
  1722 | D:2      | Reached XP level 5. HP: 42/42 MP: 5/5
  1968 | D:2      | Reached skill level 7 in Polearms
  2515 | D:3      | Found Bezaext's Antique Weapon Shop.
  2673 | D:3      | Found a stormy altar of Qazlal.
  2875 | D:3      | Found a basalt altar of Yredelemnul.
  3329 | D:4      | Reached XP level 6. HP: 49/49 MP: 6/6
  3694 | D:4      | Noticed Menkaure
  3701 | D:4      | Killed Menkaure
  3701 | D:4      | Reached *** piety under Trog
  3702 | D:4      | Reached skill level 5 in Fighting
  3702 | D:4      | Reached skill level 8 in Polearms
  3986 | D:4      | Reached XP level 7. HP: 43/56 MP: 7/7
  5020 | D:5      | Entered Level 5 of the Dungeon
  5054 | D:5      | Identified a scroll of acquirement
  5054 | D:5      | Acquired 766 gold pieces
  5396 | D:5      | Reached skill level 9 in Polearms
  5985 | D:5      | Noticed Prince Ribbit
  6151 | D:5      | Killed Prince Ribbit
  6152 | D:5      | Reached skill level 10 in Polearms
  6152 | D:5      | Reached XP level 8. HP: 33/64 MP: 8/8
  6282 | D:5      | Found Defazubu's Weapon Shop.
  6288 | D:5      | Bought 14 poisoned darts for 67 gold pieces
  6424 | D:5      | Found a bloodstained altar of Trog.
  6454 | D:5      | Reached **** piety under Trog
  6704 | D:6      | Reached skill level 11 in Polearms
  6975 | D:6      | Found a hazy altar of Hepliaklqana.
  7337 | D:6      | Reached XP level 9. HP: 67/69 MP: 9/9
  7350 | D:6      | Noticed Eustachio
  7387 | D:6      | Killed Eustachio
  7388 | D:6      | Reached skill level 12 in Polearms
  7388 | D:6      | Reached skill level 5 in Armour
  7840 | D:6      | Found a staircase to the Ecumenical Temple.
  8082 | D:6      | Identified the +7 rapier "Haumigefreg" {freeze, Drain
                  | +Blink rN+}
  8203 | D:7      | Found a glowing silver altar of Zin.
  8203 | D:7      | Found a shimmering altar of Xom.
  8292 | D:7      | Reached skill level 13 in Polearms
  8315 | D:7      | Noticed a seven-headed hydra
  8325 | D:7      | Killed a seven-headed hydra
  8326 | D:7      | Reached skill level 14 in Polearms
  8359 | D:7      | Noticed a hornet
  8373 | D:7      | Killed a hornet
  8374 | D:7      | Reached XP level 10. HP: 25/76 MP: 3/10
  8388 | D:7      | Reached skill level 15 in Polearms
  8517 | D:7      | Found a flagged portal.
  8533 | Bailey   | Entered a bailey
  8713 | Bailey   | Noticed an orc knight
  8713 | Bailey   | Noticed an orc knight
  8713 | Bailey   | Noticed an orc knight
  8865 | Bailey   | Killed an orc knight
  9744 | Bailey   | Killed an orc knight
  9745 | Bailey   | Reached skill level 16 in Polearms
  9850 | Bailey   | Killed an orc knight
 10418 | D:7      | Reached skill level 17 in Polearms
 10588 | D:7      | Found a snail-covered altar of Cheibriados.
 10954 | D:8      | Identified the +5 robe of Insecurity {rF+ Str+2}
 11235 | D:8      | Found Noull's Magic Scroll Shoppe.
 11243 | D:8      | Bought a scroll of enchant weapon for 105 gold pieces
 11243 | D:8      | Bought a scroll of brand weapon for 280 gold pieces
 11402 | D:8      | Found a burning altar of Makhleb.
 11992 | D:9      | Reached skill level 18 in Polearms
 12001 | D:9      | Found a radiant altar of Vehumet.
 12094 | D:9      | Reached XP level 11. HP: 73/80 MP: 11/11
 12250 | D:9      | Reached ***** piety under Trog
 12455 | D:9      | Noticed a two-headed ogre
 12455 | D:9      | Noticed a two-headed ogre
 12462 | D:9      | Killed a two-headed ogre
 12463 | D:9      | Reached skill level 19 in Polearms
 12466 | D:9      | Killed a two-headed ogre
 12657 | D:9      | Noticed Maurice
 12685 | D:9      | Killed Maurice
 12893 | D:9      | Found a staircase to the Orcish Mines.
 13556 | D:10     | Entered Level 10 of the Dungeon
 13654 | D:10     | Noticed an orc knight
 13675 | D:10     | Killed an orc knight
 13677 | D:10     | Received a gift from Trog
 13678 | D:10     | Reached skill level 20 in Polearms
 13987 | D:10     | Noticed Fannar
 13999 | D:10     | Killed Fannar
 14202 | D:10     | Noticed Urug
 14255 | D:10     | Killed Urug
 14531 | D:10     | Found a shadowy altar of Dithmenos.
 14563 | D:10     | Noticed a two-headed ogre
 14573 | D:10     | Killed a two-headed ogre
 14574 | D:10     | Reached skill level 5 in Dodging
 14574 | D:10     | Reached XP level 12. HP: 48/91 MP: 12/12
 14920 | D:11     | Noticed a seven-headed hydra
 14926 | D:11     | Killed a two-headed hydra
 14948 | D:11     | Noticed a sun demon
 15134 | D:11     | Found a staircase to the Lair.
 15216 | D:11     | Slain by an orange demon

Illustrated notes

Levels and vault maps discovered:
D:1:      dpeg_arrival_castle, layout_loops_ring, minmay_misc_feat_roman
D:2:      layout_loops_ring, serial_shops, shop, serial_forest,
          infiniplex_forest_clump_small, infiniplex_forest_clump_small,
          infiniplex_forest_clump_diagonal, infiniplex_forest_straight_2,
          infiniplex_forest_lined_3_way, hellmonk_ecumenical_altar_crossroads,
          lexackson_kobold_supper
D:3:      layout_loops_ring, nicolae_yredelemnul_corpse_copse,
          lemuel_tele_altar, serial_shops, shop, kennysheep_cross_bottleneck
D:4:      layout_basic, uniq_menkaure
D:5:      kennysheep_slugbush, layout_rooms, trog_antimagical, serial_shops,
          nicolae_shop_stone, grunt_ministairs_7, uniq_prince_ribbit1
D:6:      layout_basic, marbit_many_paths, minmay_temple_entry_trees,
          uniq_eustachio
D:7:      layout_basic, gammafunk_temple_overflow_forgotten, enter_bailey_3
D:8:      layout_rooms, makhleb_grotto_becter, serial_shops, nicolae_shop_stone
D:9:      layout_long_grid, nicolae_vehumet_radiance,
          minmay_orc_entry_temple_large, minmay_variable_closet, uniq_maurice
D:10:     layout_roguey, nicolae_dithmenos_shadow_blocks, minmay_circle_x,
          uniq_fannar, uniq_urug
D:11:     layout_stronghold, david_lair_shrubbed, minivault_26, uniq_gastronok,
          uniq_grum

Skill      XL: |  1  2  3  4  5  6  7  8  9 10 11 12 |
---------------+-------------------------------------+-----
Polearms       | 5 6 7 8 10 11 14 18 20 | 20.0
Armour         | 2 3 4 6 7 |  7.7
Fighting       | 4 5 6 7 |  7.7
Dodging        | 5 6 |  6.2

Action                   |  1- 3 |  4- 6 |  7- 9 | 10-12 || total
-------------------------+-------+-------+-------+-------++-------
Melee: Spear             |   114 |   203 |    52 |       ||   369
       Trident           |       |       |   132 |    67 ||   199
       Tailslap          |       |       |     5 |       ||     5
       Halberd           |       |       |    95 |    63 ||   158
       Glaive            |       |       |       |   423 ||   423
Throw: Boomerang         |       |       |     2 |       ||     2
       Dart              |       |       |     4 |    16 ||    20
       Throwing net      |       |       |     1 |       ||     1
Invok: Berserk           |     2 |     2 |     7 |    10 ||    21
       Trog's Hand       |       |     1 |     2 |     4 ||     7
       Brothers in Arms  |       |       |     1 |       ||     1
Evoke: Wand              |       |       |     5 |     2 ||     7
  Use: Scroll            |       |       |    15 |     8 ||    23
       Potion            |       |       |     2 |     2 ||     4
 Stab: Sleeping          |     1 |       |       |       ||     1
       Held in net/web   |       |       |     2 |       ||     2
Armor: Ring mail         |    22 |    33 |       |       ||    55
       Animal skin       |     7 |       |       |       ||     7
       Chain mail        |       |     3 |    99 |    77 ||   179
       Plate armour      |       |       |       |   116 ||   116
Dodge: Dodged            |    48 |    94 |    95 |   135 ||   372
Block: Other             |     6 |       |       |       ||     6

Table legend: (Time is in decaauts)
 A = Elapsed time spent in this place.
 B = Non-inter-level travel time spent in this place.
 C = Inter-level travel time spent in this place.
 D = Time resting spent in this place.
 E = Time spent auto-exploring this place.
 F = Levels seen in this place.
 G = Mean time per level.
                   A        B        C        D        E       F      G
               +--------+--------+--------+--------+--------+-----+--------+
         Total |  15070 |  14477 |    593 |   1574 |  10629 |  12 | 1255.8 |
       Dungeon |  13282 |  12689 |    593 |    366 |  10322 |  11 | 1207.5 |
        Bailey |   1788 |   1788 |      0 |   1208 |    306 |   1 | 1788.0 |
               +--------+--------+--------+--------+--------+-----+--------+

Top non-repeatable levels by time:
     D:4: 2228 daAuts
     D:9: 1870 daAuts
  Bailey: 1788 daAuts
     D:2: 1558 daAuts
     D:6: 1470 daAuts
    D:10: 1357 daAuts
     D:5: 1092 daAuts
     D:8: 915 daAuts
     D:1: 913 daAuts
     D:3: 809 daAuts
     D:7: 785 daAuts
    D:11: 281 daAuts
